 Dungeon Crawl Stone Soup version 0.23.2-1-ga50397a (webtiles) character file.

Game seed: 5018634543874497573

1404 myga the Caller (level 8, -2/44 HPs)
             Began as a Tengu Summoner on Apr 30, 2019.
             Was a Follower of Dithmenos.
             Slain by a mummy (9 damage)
             ... on level 7 of the Dungeon.
             The game lasted 00:59:25 (7200 turns).

myga the Caller (Tengu Summoner)                    Turns: 7200, Time: 00:59:26

Health: -2/44      AC:  3    Str: 15    XL:     8   Next: 69%
Magic:  10/17      EV: 13    Int: 16    God:    Dithmenos [*.....]
Gold:   409        SH:  0    Dex: 15    Spells: 1/18 levels left

rFire    . . .     SeeInvis +   t - +2 dagger (chaos)
rCold    . . .     Gourm    .   (no shield)
rNeg     . . .     Faith    .   a - +1 robe
rPois    .         Spirit   .   (helmet restricted)
rElec    .         Reflect  .   (no cloak)
rCorr    .         Harm     .   (no gloves)
MR       .....                  (boots unavailable)
Stlth    +++.......             (no amulet)
HPRegen  0.14/turn              m - ring of see invisible
MPRegen  0.15/turn              (no ring)

@: mighty, marked, very slightly contaminated, wreathed by umbra
A: beak, talons 3, able to fly
a: Fly, Renounce Religion


You were on level 7 of the Dungeon.
You worshipped Dithmenos.
Dithmenos was aware of your devotion.
You were not hungry.

You visited 2 branches of the dungeon, and saw 8 of its levels.

You collected 409 gold pieces.

Inventory:

Hand Weapons
 p - a +0 rapier
 t - a +2 dagger of chaos (weapon)
 w - a +0 blowgun
Missiles
 g - 287 stones (quivered)
 q - 52 poisoned needles
 r - 3 throwing nets
 D - 18 sling bullets
Armour
 a - a +1 robe (worn)
Magical Staves
 s - an uncursed staff of poison
Jewellery
 m - a ring of see invisible (left hand)
 o - an uncursed amulet of harm
Wands
 k - a wand of acid (6)
 y - a wand of disintegration (10)
 B - a wand of polymorph (13)
Scrolls
 d - 5 scrolls of teleportation
 f - 3 scrolls of magic mapping
 j - 4 scrolls of enchant weapon
 u - a scroll of fear {unknown}
Potions
 b - 2 potions of lignification
 e - a potion of curing
 i - a potion of flight
 n - a potion of brilliance
 v - a potion of mutation {unknown}
 x - a potion of agility {unknown}
 z - a potion of might
Comestibles
 c - 9 rations
 h - 7 chunks of flesh


   Skills:
 + Level 1.7 Fighting
 + Level 2.1 Short Blades
   Level 3.7(3.9) Slings
 + Level 1.2(2.7) Throwing
 + Level 3.1 Dodging
 + Level 3.0 Stealth
 + Level 1.5 Unarmed Combat
 + Level 5.6 Spellcasting
 + Level 0.9 Hexes
 + Level 7.7 Summonings
 + Level 1.5 Necromancy
 + Level 0.6 Ice Magic


You had one spell level left.
You knew the following spells:

 Your Spells              Type           Power        Failure   Level  Hunger
a - Summon Small Mammal   Summ           ####         1%          1    None
b - Call Imp              Summ           ####....     1%          2    #......
c - Call Canine Familiar  Summ           ####....     1%          3    ##.....
d - Animate Skeleton      Necr           N/A          8%          1    None
e - Confusing Touch       Hex            #.....       10%         1    None
f - Apportation           Tloc           #.....       14%         1    None
g - Summon Guardian Gole  Hex/Summ       ###.....     7%          3    ##.....
h - Summon Ice Beast      Ice/Summ       ###.....     26%         4    ####...
i - Flame Tongue          Conj/Fire      #....        14%         1    None

Your spell library contained the following spells:

 Spells                   Type           Power        Failure   Level  Hunger
 Throw Flame              Conj/Fire      #.....       22%         2    #......
 Summon Lightning Spire   Summ/Air       ###.....     28%         4    ####...
 Inner Flame              Hex/Fire       #.......     34%         3    ##.....
 Conjure Flame            Conj/Fire      #.......     38%         3    ##.....
 Sticky Flame             Conj/Fire      #.......     80%         4    ####...
 Fireball                 Conj/Fire      #.........   98%         5    ######.


Dungeon Overview and Level Annotations

Branches:
Dungeon (7/15)             Temple (1/1) D:4

Altars:
Dithmenos
Elyvilon
Fedhas
Gozag
Makhleb
Nemelex Xobeh
Qazlal
Ru
Sif Muna
Trog
Uskayaw
Vehumet
Wu Jian
Xom
Yredelemnul
The Shining One

Annotations:
D:7 3 runed translucent doors, Harold; totalnoob's ghost, novice GnFE


Innate Abilities, Weirdness & Mutations

You have a beak for a mouth.
You have claws for feet.
You can fly continuously.


Message History

Casting: Summon Ice Beast (quite dangerous; 26% risk of failure)
Confirm with . or Enter, or press ? or * to list all spells.
Okay, then.
Unknown command.
Unknown command.
Okay, then.
Okay, then.
You feel better. The unseen horror hits you! x2
* * * LOW HITPOINT WARNING * * *
The unseen horror hits you but does no damage.
The bullfrog hits your ice beast.
Some of the chunks of flesh in your inventory have rotted away.
Okay, then.
Okay, then.
It was a potion of might.
You feel very mighty all of a sudden.
Your surroundings suddenly seem different.
A mummy comes into view.
You barely miss the mummy. The mummy hits you!
You die...

##......###
#...........## #........#
####.#.####?# #........#
#.........#.#
#[.......####.#..#.#..###
##.....#).....##.#..#.#
##...##(...>....#...##
#### ######.<....#..#####
....
#.....M.#....##########
###.....@.#....##........
#.................#######
#.......###########
#...(..## ########


You could see a mummy.

Vanquished Creatures
  The ghost of Curus the Basher, an amateur MiMo (D:4)
  Prince Ribbit (D:7)
  An ogre (D:6)
  A big kobold (D:4)
  A bullfrog (D:6)
  2 scorpions
  An orc wizard (D:7)
  A worker ant (D:6)
  A hound skeleton (D:6)
  4 adders
  An adder skeleton (D:4)
  An adder zombie (D:6)
  A dart slug (D:1)
  An orc (D:7)
  6 bats
  2 giant cockroaches
  5 goblins
  3 hobgoblins
  3 jackals
  A quokka (D:2)
  2 frilled lizards
  A jackal skeleton (D:5)
  A jackal zombie (D:5)
  4 kobolds
  A leopard gecko skeleton (D:6)
  A quokka skeleton (D:6)
  3 rats
51 creatures vanquished.

Vanquished Creatures (collateral kills)
  3 ice beasts
  3 ogres
  2 centaurs
  A crocodile (D:7)
  A big kobold (D:4)
  2 scorpions (D:6)
  A howler monkey (D:5)
  2 crimson imps
  A hound (D:5)
  A jelly (D:6)
  An orc wizard (D:4)
  A bullfrog skeleton (D:4)
  2 worker ants
  A worker ant zombie (D:5)
  Robin (D:3)
  5 adders
  A shadow imp (D:7)
  An ooze (D:4)
  3 worms
  A dart slug (D:3)
  3 leopard geckos
  5 orcs
  2 ball pythons
  A giant cockroach (D:6)
  11 goblins
  13 hobgoblins
  4 jackals
  11 kobolds
  5 quokkas
  2 bats (D:1)
  2 frilled lizards (D:1)
  A leopard gecko skeleton (D:4)
  A quokka skeleton (D:6)
  A rat (D:7)
96 creatures vanquished.

Vanquished Creatures (others)
  A jelly (D:6)
1 creature vanquished.

Grand Total: 148 creatures vanquished

Notes
Turn   | Place    | Note
-------+----------+-------------------------------------------
     0 | D:1      | myga the Tengu Summoner began the quest for the Orb.
     0 | D:1      | Reached XP level 1. HP: 10/10 MP: 4/4
    55 | D:1      | Reached skill level 5 in Summonings
   315 | D:1      | Reached XP level 2. HP: 5/15 MP: 4/6
   578 | D:1      | Learned a level 2 spell: Call Imp
  1241 | D:2      | Reached XP level 3. HP: 3/19 MP: 7/7
  1510 | D:2      | Learned a level 3 spell: Call Canine Familiar
  1570 | D:2      | Found a bloodstained altar of Trog.
  2249 | D:2      | Reached skill level 1 in Unarmed Combat
  2259 | D:2      | Reached XP level 4. HP: 19/24 MP: 5/8
  2711 | D:3      | Noticed Robin
  2789 | D:3      | Killed Robin
  2820 | D:3      | Learned a level 1 spell: Animate Skeleton
  2938 | D:3      | Learned a level 1 spell: Confusing Touch
  2967 | D:3      | Reached skill level 1 in Short Blades
  3337 | D:3      | Found a sparkling altar of Nemelex Xobeh.
  3627 | D:4      | Found a staircase to the Ecumenical Temple.
  3642 | D:4      | Gained mutation: You can fly continuously. [Tengu growth]
  3642 | D:4      | Reached XP level 5. HP: 28/28 MP: 3/10
  3724 | Temple   | Entered the Ecumenical Temple
  4027 | Temple   | Became a worshipper of Dithmenos the Shadowed
  4031 | Temple   | Learned a level 1 spell: Apportation
  4087 | D:4      | Noticed an ogre
  4104 | D:4      | Killed an ogre
  4104 | D:4      | Reached skill level 1 in Slings
  4137 | D:4      | Noticed Curus's ghost (amateur MiMo)
  4137 | D:4      | Noticed a big kobold
  4138 | D:4      | Noticed a big kobold
  4297 | D:4      | Found a runed translucent gate.
  4300 | D:4      | Found a runed translucent gate.
  4301 | D:4      | Found a runed translucent gate.
  4384 | D:4      | Found a stormy altar of Qazlal.
  4534 | D:4      | Killed Curus's ghost
  4534 | D:4      | Reached skill level 6 in Summonings
  4534 | D:4      | Reached XP level 6. HP: 33/33 MP: 1/12
  4966 | D:5      | Entered Level 5 of the Dungeon
  5040 | D:5      | Reached XP level 7. HP: 37/37 MP: 8/13
  5291 | D:5      | Found an opulent altar of Gozag.
  5415 | D:5      | Reached skill level 1 in Fighting
  5487 | D:5      | Learned a level 3 spell: Summon Guardian Golem
  5596 | D:5      | Found a burning altar of Makhleb.
  5968 | D:6      | Reached skill level 7 in Summonings
  6019 | D:6      | Reached * piety under Dithmenos
  6033 | D:6      | Reached XP level 8. HP: 38/43 MP: 7/16
  6236 | D:6      | Learned a level 4 spell: Summon Ice Beast
  6240 | D:6      | Found a basalt altar of Yredelemnul.
  6257 | D:6      | Reached skill level 5 in Spellcasting
  6364 | D:6      | Reached skill level 1 in Necromancy
  6580 | D:6      | Reached skill level 1 in Throwing
  6816 | D:7      | Noticed Prince Ribbit
  6844 | D:7      | Killed Prince Ribbit
  6930 | D:7      | Found a sacrificial altar of Ru.
  7108 | D:7      | Found a runed translucent gate.
  7108 | D:7      | Found a runed translucent gate.
  7109 | D:7      | Found a runed translucent gate.
  7120 | D:7      | Found an opulent altar of Gozag.
  7124 | D:7      | Noticed totalnoob's ghost (novice GnFE)
  7153 | D:7      | Learned a level 1 spell: Flame Tongue
  7162 | D:7      | Noticed an unseen horror
  7164 | D:7      | Noticed Harold
  7200 | D:7      | Slain by a mummy

Skill      XL: |  1  2  3  4  5  6  7  8 |
---------------+-------------------------+-----
Summonings     | 5 6 7 |  7.7
Unarmed Combat | 1 |  1.5
Short Blades   | 1 2 |  2.1
Slings         | 2 3 |  3.7
Spellcasting   | 3 4 5 |  5.6
Fighting       | 1 |  1.7
Necromancy     | 1 |  1.5
Dodging        | 3 |  3.1
Throwing       | 1 |  1.2
Stealth        | 3 |  3.0
Hexes          | |  0.9
Ice Magic      | |  0.6

Action                   |  1- 3 |  4- 6 |  7- 9 || total
-------------------------+-------+-------+-------++-------
Melee: Unarmed           |    60 |       |       ||    60
       Kick              |    15 |     1 |    13 ||    29
       Peck              |    10 |     2 |     9 ||    21
       Short sword       |    17 |       |       ||    17
       Dagger            |    10 |    18 |    62 ||    90
       Hunting sling     |       |     2 |       ||     2
 Fire: Hunting sling     |       |    68 |    19 ||    87
Throw: Stone             |    20 |    21 |    34 ||    75
 Cast: Summon Small Mamm |    10 |     8 |     5 ||    23
       Call Imp          |     4 |    22 |    18 ||    44
       Call Canine Famil |     5 |    16 |    12 ||    33
       Animate Skeleton  |       |    12 |    12 ||    24
       Summon Guardian G |       |       |     2 ||     2
       Summon Ice Beast  |       |       |     6 ||     6
       Confusing Touch   |       |       |     1 ||     1
Evoke: Wand              |       |     2 |       ||     2
  Use: Scroll            |     1 |     8 |     6 ||    15
       Potion            |     2 |     2 |     3 ||     7
 Stab: Sleeping          |     3 |       |     2 ||     5
       Distracted        |       |       |     1 ||     1
  Eat: Chunk             |     5 |     9 |     9 ||    23
       Ration            |       |     1 |       ||     1
Armor: Robe              |    28 |     5 |    10 ||    43
Dodge: Dodged            |    66 |    32 |    47 ||   145
